 Dungeon Crawl Stone Soup version 0.30-b1-2-g02819fbbbe (webtiles) character file.

Game seed: 15502372743684808560

5347 ketsa the Basher (level 10, -7/89 HPs)
             Began as an Armataur Fighter on May 16, 2023.
             Was a High Priest of Uskayaw.
             Mangled by a manticore (8 damage)
             ... on level 9 of the Dungeon.
             The game lasted 00:30:34 (10108 turns).

ketsa the Basher (Armataur Fighter)                Turns: 10108, Time: 00:30:35

Health: -7/89      AC: 12    Str: 26    XL:     10   Next: 38%
Magic:  13/13      EV:  8    Int:  9    God:    Uskayaw [*****.]
Gold:   217        SH:  0    Dex:  9    Spells: 9/9 levels left

rFire   . . .        F - +4 dire flail (vamp)
rCold   . . .        (shield currently unavailable)
rNeg    . . .        b - +0 scale mail
rPois   +            g - +0 helmet
rElec   .            o - +1 cloak
rCorr   .            H - +0 pair of gloves
SInv    +            (no barding)
Will    .....        t - amulet of the acrobat Stlth
                     h - ring of see invisible
HPRegen 0.34/turn    M - ring of poison resistance
MPRegen 0.13/turn

%: acrobat, roll
@: mighty, spiked, invisible
A: large, rugged brown scales 3, deformed body, armoured tail, roll, long
tongue, awkward tongue
a: Renounce Religion, Stomp, Line Pass, Grand Finale


You were on level 9 of the Dungeon.
You worshipped Uskayaw.
Uskayaw was noncommittal.
You visited 2 branches of the dungeon, and saw 10 of its levels.

You collected 437 gold pieces.
You spent 220 gold pieces at shops.

Inventory:

Hand Weapons
 a - a +0 flail
 F - a +4 vampiric dire flail (weapon)
Missiles
 z - 34 poisoned darts (quivered)
 B - 2 silver boomerangs
 D - a curare-tipped dart
Armour
 b - a +0 scale mail (worn)
 c - a +0 buckler
 g - a +0 helmet (worn)
 o - a +1 cloak (worn)
 x - a +0 plate armour
 H - a +0 pair of gloves (worn)
 J - +0 steam dragon scales
Magical Staves
 e - a staff of fire
Jewellery
 h - a ring of see invisible (left hand)
 j - a ring of fire
 l - a ring of magical power
 p - an amulet of faith
 t - an amulet of the acrobat (around neck)
 M - a ring of poison resistance (right hand)
 N - a ring of resist corrosion
Wands
 y - a wand of iceblast (2)
 E - a wand of digging (16)
 K - a wand of flame (1)
 L - a wand of polymorph (5)
Scrolls
 f - 6 scrolls of vulnerability
 k - 2 scrolls of enchant weapon
 u - a scroll of torment
 C - a scroll of magic mapping
 G - a scroll of noise {unknown}
Potions
 d - a potion of flight {unknown}
 n - a potion of might
 q - a potion of degeneration
 r - 2 potions of attraction
 s - 2 potions of mutation
 v - 3 potions of heal wounds {unknown}
 w - a potion of magic
 I - a potion of berserk rage {unknown}
 O - a potion of brilliance {unknown}
 P - a potion of resistance {unknown}


   Skills:
 - Level 6.8 Fighting
 * Level 10.2 Maces & Flails
 - Level 6.4 Armour
 - Level 5.0 Shields
 + Level 5.0 Invocations
 - Level 3.9 Evocations


You had 9 spell levels left.
You didn't know any spells.
Your spell library contained the following spells:

 Spells                   Type           Power      Damage    Failure   Level
 Shock                    Conj/Air       0%         1d3       65%         1
 Ensorcelled Hibernation  Hex/Ice        0%         N/A       78%         2
 Passwall                 Tmut/Erth      0%         N/A       78%         2
 Inner Flame              Hex/Fire       0%         N/A       95%         3
 Portal Projectile        Hex/Tloc       0%         N/A       95%         3
 Swiftness                Air            0%         N/A       95%         3
 Tukima's Dance           Hex            0%         N/A       95%         3
 Airstrike                Air            0%         2d(0-16)  100%        4
 Flame Wave               Conj/Fire      0%         2d4       100%        4
 Sticky Flame             Conj/Fire      0%         2d3       100%        4
 Blade Hands              Tmut           0%         N/A       100%        5


Dungeon Overview and Level Annotations

Branches:
Dungeon (9/15) Zot: 26331  Temple (1/1) D:7 Zot: 5801    Lair (0/5) D:9
    Orc: D:9-12

Altars:
Ashenzari
Cheibriados
Dithmenos
Elyvilon
Fedhas
Gozag
Hepliaklqana
Kikubaaqudgha
Makhleb
Nemelex Xobeh
Okawaru
Qazlal
Ru
Sif Muna
Trog
Uskayaw
Vehumet
Xom
Yredelemnul
Zin
The Shining One
Jiyva

Shops:
D:6 *   D:8 =

Annotations:
D:3 2 runed translucent doors, exclusion: downstairs, 0o0o's ghost, amateur MiGl; Crazy Yiuf
D:4 Dowan; Duvessa
D:9 3 runed translucent doors, ioannis32's ghost, novice DsBe


Innate Abilities, Weirdness & Mutations

You are completely covered in rugged brown scales. (AC +3, +7% HP)
Armour fits poorly on your strangely shaped body.
You have a long armoured tail.
You roll when moving toward enemies. (Rampage)
Your long tongue fully drains potion bottles. (2x potion effects)
Your tongue gives you trouble enunciating. (1.5x scroll delay)


Message History

The slime creature quivers.
You roll towards the slime creature!
A manticore comes into view.
Found a glowing pink potion.
The slime creature misses you.
You puncture the slime creature! You tail-slap the slime creature!
The slime creature is moderately wounded.
The slime creature hits you!
You impale the slime creature!!
You feel better.
The slime creature is severely wounded.
The slime creature hits you but does no damage.
You completely miss the slime creature. You tail-slap the slime creature!
The slime creature is almost dead.
You puncture the slime creature!
You feel better.
You kill the slime creature!
The manticore flicks its tail.
The volley of spikes hits you!!
The barbed spikes become lodged in your body.
You hear a roar!
You hear an angry hiss.
Your Invocations skill increases to level 5!
You feel very mighty all of a sudden.
You slurp down every last drop of the potion of might!
An efreet comes into view.
It is wielding a +4 scimitar of flaming.
The manticore flicks its tail.
The volley of spikes hits you!
The barbed spikes become lodged in your body.
An eight-headed hydra comes into view.
This is a scroll of acquirement!
Something appears at your feet!
A steam dragon comes into view.
The manticore bites you!
* * * LOW HITPOINT WARNING * * *
The manticore claws you but does no damage.
The manticore closely misses you.
You fade into invisibility!
You slurp down every last drop of the potion of invisibility!
The manticore bites you!
* * * LOW HITPOINT WARNING * * *
The manticore claws you but does no damage.
The manticore claws you!
You die... #..# ##.##.##.##.# #..# ### # #.# # #..# ○.! $.$ #..# #○# #### #..# #☼# #..# DR.

#..# #D# . #..#
##H## ...###..#
#.@.#
........#####.##
...###..##.##.##$#
. #..'...)....#
#..##.##.##$#
#..#####.# # #..#
... #... #### #.(.


You could see an eight-headed hydra (unable to see you), a manticore (unable to
see you), an efreet (unable to see you) and a steam dragon (unable to see you).

Vanquished Creatures
  Maggie (D:7)
  A troll (D:9)
  A hornet (D:9)
  A slime creature (D:9)
  2 vampires (D:9)
  A wyvern (D:9)
  An acid dragon (D:9)
  2 water moccasins
  3 ice beasts
  4 sky beasts
  2 orc warriors
  4 black bears
  2 ogres
  4 centaurs
  A phantom (D:5)
  5 kobold brigands
  4 bullfrogs
  A scorpion (D:6)
  4 wights
  5 killer bees
  A crimson imp (D:8)
  A hound (D:5)
  6 orc priests
  6 jellies
  2 sleepcaps
  5 iguanas
  5 orc wizards
  Robin (D:2)
  4 adders
  5 white imps
  2 ufetubi
  A worm (D:3)
  5 dart slugs
  10 orcs
  9 ball pythons
  8 endoplasms
  6 giant cockroaches
  4 hobgoblins
  A jackal (D:1)
  2 quokkas (D:1)
  5 bats
  8 frilled lizards
  14 goblins
  16 kobolds
  2 rats (D:2)
178 creatures vanquished.

Notes
Turn   | Place    | Note
-------+----------+-------------------------------------------
     0 | D:1      | ketsa the Armataur Fighter began the quest for the Orb.
     0 | D:1      | Reached XP level 1. HP: 19/19 MP: 1/1
    98 | D:1      | Reached skill level 2 in Maces & Flails
   102 | D:1      | Reached XP level 2. HP: 26/26 MP: 2/2
   836 | D:2      | Reached XP level 3. HP: 32/32 MP: 3/3
  1685 | D:2      | Reached skill level 5 in Armour
  1847 | D:2      | Reached XP level 4. HP: 35/39 MP: 4/4
  1994 | D:3      | Found an ancient bone altar of Kikubaaqudgha.
  2126 | D:3      | Noticed Robin
  2147 | D:3      | Found a runed translucent door.
  2545 | D:2      | Killed Robin
  2687 | D:3      | Found a runed translucent door.
  2688 | D:3      | Noticed Crazy Yiuf
  2847 | D:3      | Noticed 0o0o's ghost (amateur MiGl)
  2955 | D:3      | Reached skill level 3 in Maces & Flails
  2955 | D:3      | Reached XP level 5. HP: 45/47 MP: 5/5
  3181 | D:4      | Noticed Duvessa
  3181 | D:4      | Noticed Dowan
  3573 | D:4      | Noticed a phantom
  3766 | D:4      | Found a bloodstained altar of Trog.
  3766 | D:4      | Found a stormy altar of Qazlal.
  3977 | D:5      | Entered Level 5 of the Dungeon
  4099 | D:5      | Reached XP level 6. HP: 47/54 MP: 6/6
  4181 | D:5      | Found a basalt altar of Yredelemnul.
  4194 | D:5      | Found a shimmering blue altar of Sif Muna.
  4313 | D:5      | Reached skill level 4 in Maces & Flails
  4337 | D:5      | Found a glowing golden altar of the Shining One.
  4392 | D:5      | Reached XP level 7. HP: 54/62 MP: 7/7
  5033 | D:5      | Reached skill level 5 in Shields
  5404 | D:6      | Reached skill level 5 in Maces & Flails
  5481 | D:6      | Reached skill level 1 in Evocations
  5481 | D:6      | Reached XP level 8. HP: 24/71 MP: 8/8
  5694 | D:6      | Found a white marble altar of Elyvilon.
  5694 | D:6      | Found an iron altar of Okawaru.
  5862 | D:6      | Reached skill level 5 in Fighting
  5862 | D:6      | Reached skill level 6 in Maces & Flails
  6020 | D:6      | Found Zin's Purification Station.
  6023 | D:6      | Found a glowing silver altar of Zin.
  6490 | D:6      | Identified the +2 dagger of Traps {flame, *Noise rC+ Str+2}
  6898 | D:6      | Reached skill level 7 in Maces & Flails
  7075 | D:6      | Reached XP level 9. HP: 70/80 MP: 9/9
  7426 | D:7      | Found a staircase to the Ecumenical Temple.
  7438 | Temple   | Entered the Ecumenical Temple
  7599 | Temple   | Became a worshipper of Uskayaw the Reveller
  7645 | D:7      | Reached * piety under Uskayaw
  7649 | D:7      | Reached ** piety under Uskayaw
  7656 | D:7      | Reached *** piety under Uskayaw
  7687 | D:7      | Found a shadowy altar of Dithmenos.
  7701 | D:7      | Reached skill level 1 in Invocations
  7722 | D:7      | Found a broken altar of Ashenzari.
  7967 | D:7      | Reached skill level 8 in Maces & Flails
  7967 | D:7      | Noticed Maggie
  7976 | D:7      | Killed Maggie
  8702 | D:8      | Found a sacrificial altar of Ru.
  9019 | D:8      | Found a viscous altar of Jiyva.
  9086 | D:8      | Found a radiant altar of Vehumet.
  9087 | D:8      | Found a burning altar of Makhleb.
  9286 | D:8      | Found Fyveor's Jewellery Shoppe.
  9290 | D:8      | Bought a ring of poison resistance for 220 gold pieces
  9308 | D:8      | Reached skill level 9 in Maces & Flails
  9480 | D:9      | Found a runed translucent gate.
  9480 | D:9      | Found a runed translucent gate.
  9480 | D:9      | Found a runed translucent gate.
  9484 | D:9      | Noticed ioannis32's ghost (novice DsBe)
  9611 | D:9      | Reached XP level 10. HP: 48/89 MP: 12/12
  9796 | D:9      | Found a staircase to the Lair.
  9873 | D:9      | Reached **** piety under Uskayaw
  9877 | D:9      | Noticed a five-headed hydra
 10093 | D:9      | Reached skill level 10 in Maces & Flails
 10095 | D:9      | Reached ***** piety under Uskayaw
 10100 | D:9      | Noticed a manticore
 10105 | D:9      | Reached skill level 5 in Invocations
 10106 | D:9      | Noticed an eight-headed hydra
 10107 | D:9      | Identified a scroll of acquirement
 10107 | D:9      | Acquired the +1 barding "Rinkesur" {rElec rF+ rC+ Dex-5}
 10108 | D:9      | HP: 1/89 [manticore (12)]
 10108 | D:9      | Mangled by a manticore

Illustrated notes

Levels and vault maps discovered:
D:1:      erik_arrival_cave_to_civilisation [erik_arrival_cave_to_hall],
          layout_basic, hex_large, serial_bayou_pond_a
D:2:      layout_basic
D:3:      layout_loops_ring, mainiacjoe_overflow_catwalk, ebering_ghost_sewer_d,
          uniq_robin, uniq_crazy_yiuf_cottage
D:4:      minmay_inner_zag, layout_gridville, gammafunk_temple_overflow_pools,
          chequers_jeans, uniq_duvessa
D:5:      layout_cave_pods, amethyst_overflow_temple_binary,
          nicolae_tso_swordbearing_angel
D:6:      layout_gridville, zin_purify, jmf_multi_god_temple,
          kennysheep_nondescript, minmay_starry_boxes
D:7:      layout_gridville, lemuel_crystal_altar, ashenzari_altar_1,
          minmay_temple_entry_water_ring, uniq_maggie
D:8:      layout_rooms, grunt_temple_overflow_lords_of_destruction,
          lemuel_tele_altar, serial_shops, nicolae_shop_back_alley_shop,
          minmay_statues_item, jiyva_altar_1
D:9:      hangedman_cross_veins, layout_long_grid, lair_entry_dummy,
          biasface_ghost_orc_armoury, nicolae_straight_to_the_point
Temple:   hellmonk_temple_beads

Skill      XL: |  1  2  3  4  5  6  7  8  9 10 |
---------------+-------------------------------+-----
Maces & Flails | 2 3 4 5 7 9 10 | 10.2
Armour         | 4 5 6 |  6.4
Fighting       | 3 4 5 6 |  6.8
Shields        | 4 5 |  5.0
Evocations     | 1 3 |  3.9
Invocations    | 3 5 |  5.0

Action                     |  1- 3 |  4- 6 |  7- 9 | 10-12 || total
---------------------------+-------+-------+-------+-------++-------
  Melee: Flail             |   126 |   161 |   142 |       ||   429
         Tailslap          |    10 |    19 |    31 |    11 ||    71
         Dire flail        |       |       |   196 |    49 ||   245
  Throw: Dart              |       |       |     2 |       ||     2
 Invoke: Stomp             |       |       |     1 |     1 ||     2
    Use: Scroll            |       |     6 |    11 |     1 ||    18
         Potion            |       |     2 |     6 |     3 ||    11
   Stab: Paralysed         |       |       |     4 |     2 ||     6
 Armour: Scale mail        |    59 |    90 |   201 |    27 ||   377
  Dodge: Dodged            |    36 |    51 |   199 |    16 ||   302
  Block: Buckler           |    26 |    32 |    40 |       ||    98
